Map: 世界主宰-天梯版

Players

JieShi - Winner!

  • Race: Protoss Protoss
  • League: Master

iGMacSed (MacSed)

  • Race: Protoss Protoss
  • League: Master

Event: DreamHack SC2 Masters 2020 Winter

VOD

Have the link to the VOD?

Description

Time

  • Played on: Oct. 29, 2020, 8:33 a.m.
  • Length: 13:07

All games in this series

Show
View Real Time Build Order
Export as new Build Order

JieShi Protoss - Winner!

Build Orders:  

Get SALT Encoding   

  12  0:00  Probe  
  13  0:12  Probe  
  14  0:18  Pylon  
  14  0:24  Probe (Chrono Boost)  
  15  0:36  Probe (Chrono Boost)  
  15  0:39  Gateway  
  16  0:45  Probe (Chrono Boost)  
  16  0:47  Assimilator  
  17  0:51  Probe  
  17  0:55  Assimilator  
  18  1:03  Probe (Chrono Boost)  
  19  1:08  Gateway  
  19  1:12  Probe (Chrono Boost)  
  19  1:17  Probe (Chrono Boost)  
  21  1:26  Cybernetics Core  
  21  1:29  Probe  
  22  1:34  Pylon  
  22  1:41  Probe  
  23  1:53  Probe  
  24  2:02  Stalker x2, Warp Gate  
  28  2:09  Pylon  
  28  2:19  Shield Battery  
  28  2:34  Nexus  
  28  2:39  Probe (Chrono Boost)  
  31  2:44  Sentry  
  31  2:50  Probe (Chrono Boost)  
  32  2:54  Probe (Chrono Boost)  
  32  2:56  Shield Battery  
  33  3:05  Stalker, Probe  
  36  3:11  Pylon  
  36  3:17  Probe  
  37  3:29  Probe  
  37  3:30  Twilight Council  
  38  3:34  Shield Battery  
  38  3:42  Probe (Chrono Boost)  
  39  3:49  Probe (Chrono Boost)  
  39  3:53  Stalker  
  39  3:54  Probe (Chrono Boost)  
  43  3:59  Probe (Chrono Boost)  
  43  4:01  Probe (Chrono Boost)  
  45  4:04  Probe (Chrono Boost)  
  45  4:08  Blink (Chrono Boost), Probe  
  47  4:16  Forge  
  47  4:17  Probe  
  48  4:20  Probe  
  49  4:29  Probe  
  49  4:30  Stalker  
  52  4:31  Pylon  
  52  4:32  Probe  
  52  4:35  Stalker  
  55  4:41  Robotics Facility  
  55  4:42  Probe  
  55  4:44  Probe  
  57  4:45  Protoss Ground Weapons Level 1 (Chrono Boost)  
  57  4:59  Nexus  
  57  5:04  Shield Battery  
  57  5:05  Probe  
  57  5:06  Probe  
  59  5:08  Assimilator  
  59  5:15  Stalker, Sentry  
  63  5:23  Gateway x2  
  63  5:24  Probe  
  63  5:27  Probe  
  65  5:33  Observer (Chrono Boost)  
  66  5:39  Pylon, Probe x2  
  68  5:43  Pylon  
  68  5:48  Gateway  
  68  5:51  Probe x2  
  68  5:53  Gateway  
  70  6:03  Probe x2  
  72  6:06  Adept x2  
  72  6:07  Pylon  
  76  6:13  Warp Prism (Chrono Boost)  
  76  6:15  Probe x2  
  80  6:21  Photon Cannon  
  80  6:22  Photon Cannon  
  80  6:23  Sentry  
  82  6:27  Stalker  
  82  6:49  Stalker  
  82  6:50  Stalker x2  
  82  6:51  Observer (Chrono Boost)  
  82  6:52  Probe x2  
  83  7:02  Probe  
  83  7:05  Photon Cannon  
  83  7:07  Stalker x2, Gateway, Sentry  
  90  7:12  Stalker  
  90  7:13  Pylon  
  90  7:14  Stalker x2  
  96  7:18  Probe  
  96  7:19  Pylon, Probe  
  96  7:22  Assimilator  
  98  7:25  Immortal  
  98  7:26  Gateway  
  102  7:38  Stalker x4  
  102  7:40  Stalker  
  110  7:52  Stalker, Protoss Ground Weapons Level 2 (Chrono Boost)  
  110  7:53  Probe  
  110  7:57  Pylon, Probe x2  
  115  8:00  Pylon  
  115  8:01  Pylon  
  116  8:05  Probe  
  112  8:21  Stalker  
  112  8:22  Stalker x2, Zealot x2  
  112  8:23  Zealot, Sentry  
  124  8:33  Stalker  
  116  8:36  Charge (Chrono Boost)  
  88  8:50  Stalker x4, Zealot  
  88  8:51  Zealot x2  
  102  8:56  Observer  
  102  9:01  Zealot  
  104  9:05  Warp Prism (Chrono Boost)  
  104  9:06  Gateway x2, Nexus  
  106  9:12  Zealot, Sentry  
  106  9:16  Pylon  
  110  9:25  Zealot x4  
  110  9:30  Photon Cannon  
  118  9:32  Probe x2  
  118  9:33  Probe  
  118  9:37  Photon Cannon  
  121  9:38  Shield Battery  
  121  9:44  Stalker  
  121  9:45  Zealot, Sentry  
  127  9:54  Observer (Chrono Boost)  
  128  10:05  Zealot x6  
  128  10:06  Zealot x2  
  144  10:08  Zealot  
  146  10:20  Zealot  
  136  10:31  Stalker x3  
  136  10:32  Stalker x4, Zealot  
  136  10:35  Zealot  
  128  10:43  Observer  
  113  10:57  Stalker x6  
  113  10:58  Stalker, Zealot x2  
  116  11:06  Observer  
  109  11:19  Zealot  
  109  11:20  Zealot x5  
  109  11:21  Stalker x4  
  125  11:37  Observer  
  123  11:42  Stalker x4  
  123  11:43  Stalker x2  
  133  11:47  Stalker  
  133  11:48  Stalker x2  
  133  11:50  Observer  
  136  12:06  Zealot x2  
  136  12:07  Zealot  
Show
View Real Time Build Order
Export as new Build Order

iGMacSed Protoss 

Build Orders: Blink Stalkers 

Get SALT Encoding   

  12  0:00  Probe  
  13  0:12  Probe  
  14  0:17  Pylon  
  14  0:24  Probe (Chrono Boost)  
  16  0:36  Gateway, Probe (Chrono Boost)  
  16  0:43  Probe (Chrono Boost)  
  16  0:46  Assimilator  
  17  0:50  Probe  
  17  0:56  Assimilator  
  18  1:03  Probe (Chrono Boost)  
  20  1:11  Gateway  
  20  1:12  Probe (Chrono Boost)  
  20  1:17  Probe (Chrono Boost)  
  20  1:24  Cybernetics Core  
  21  1:29  Probe  
  22  1:35  Pylon  
  22  1:41  Probe  
  23  1:53  Probe  
  24  2:00  Warp Gate  
  26  2:01  Stalker, Sentry  
  26  2:05  Probe  
  26  2:08  Pylon  
  29  2:33  Stalker, Sentry  
  32  2:47  Nexus  
  32  2:52  Shield Battery  
  32  2:58  Probe  
  33  3:04  Stalker  
  35  3:10  Probe  
  36  3:15  Twilight Council  
  36  3:22  Probe  
  37  3:34  Probe (Chrono Boost)  
  37  3:39  Pylon  
  37  3:41  Forge  
  37  3:46  Probe (Chrono Boost)  
  38  3:52  Blink  
  38  3:54  Probe (Chrono Boost)  
  39  4:00  Probe (Chrono Boost)  
  41  4:04  Probe (Chrono Boost)  
  42  4:11  Probe (Chrono Boost)  
  42  4:14  Probe (Chrono Boost)  
  42  4:16  Protoss Ground Weapons Level 1  
  43  4:17  Sentry  
  43  4:19  Probe (Chrono Boost)  
  43  4:20  Probe (Chrono Boost)  
  47  4:27  Probe (Chrono Boost)  
  47  4:30  Robotics Facility  
  49  4:33  Probe (Chrono Boost)  
  49  4:35  Probe (Chrono Boost)  
  50  4:39  Probe (Chrono Boost)  
  50  4:41  Probe  
  50  4:42  Assimilator  
  50  4:43  Pylon  
  52  4:51  Probe  
  53  4:53  Probe  
  53  4:56  Gateway  
  53  4:58  Gateway  
  54  5:03  Probe  
  54  5:05  Probe, Dark Shrine  
  56  5:09  Assimilator  
  56  5:14  Stalker  
  58  5:15  Probe  
  58  5:18  Stalker  
  61  5:24  Pylon  
  61  5:28  Probe  
  61  5:34  Probe  
  63  5:40  Probe  
  64  5:43  Nexus  
  64  5:45  Pylon  
  64  5:46  Probe  
  64  5:49  Stalker  
  67  5:53  Probe  
  68  5:57  Shield Battery  
  68  6:01  Stalker x2  
  70  6:06  Immortal (Chrono Boost)  
  74  6:18  Dark Templar x2  
  76  6:21  Probe x2  
  76  6:24  Dark Templar  
  82  6:32  Protoss Ground Weapons Level 2  
  82  6:33  Probe x2  
  83  6:48  Pylon  
  83  6:53  Pylon  
  82  6:55  Probe x2  
  82  7:03  Pylon  
  82  7:04  Probe  
  82  7:05  Immortal (Chrono Boost)  
  82  7:07  Probe  
  88  7:09  Probe  
  88  7:10  Stalker x2  
  93  7:20  Shield Battery  
  93  7:22  Gateway  
  93  7:25  Gateway  
  93  7:26  Stalker x2  
  97  7:33  Gateway  
  97  7:35  Gateway  
  97  7:39  Immortal (Chrono Boost)  
  97  7:40  Sentry  
  103  7:47  Shield Battery  
  103  7:57  Stalker x3  
  109  8:03  Charge  
  109  8:10  Stalker  
  101  8:25  Stalker  
  101  8:30  Stalker  
  99  8:36  Stalker x4  
  95  8:44  Stalker  
  91  8:48  Immortal (Chrono Boost)  
  91  8:49  Probe  
  91  8:52  Probe  
  91  8:53  Pylon  
  97  8:57  Pylon  
  97  8:58  Gateway  
  97  9:00  Stalker x2  
  97  9:01  Gateway  
  101  9:02  Pylon  
  101  9:03  Assimilator  
  101  9:04  Pylon  
  101  9:05  Pylon  
  101  9:07  Pylon  
  101  9:10  Robotics Bay  
  101  9:11  Probe x2  
  101  9:12  Assimilator  
  101  9:14  Pylon  
  101  9:16  Sentry  
  105  9:18  Probe  
  105  9:19  Zealot x3  
  105  9:23  Pylon  
  112  9:29  Probe  
  112  9:30  Robotics Facility  
  113  9:42  Protoss Ground Weapons Level 3 (Chrono Boost)  
  113  9:48  Zealot  
  113  9:49  Pylon  
  113  9:51  Nexus  
  115  9:53  Disruptor (Chrono Boost)  
  115  9:57  Photon Cannon  
  115  9:59  Photon Cannon  
  118  10:04  Probe x2  
  120  10:07  Pylon  
  120  10:10  Photon Cannon  
  120  10:12  Shield Battery  
  120  10:17  Stalker  
  120  10:18  Stalker x2  
  111  10:26  Zealot x3  
  116  10:29  Zealot  
  114  10:37  Disruptor x2 (Chrono Boost)  
  111  10:44  Zealot x3  
  106  10:55  Dark Templar x3  
  88  10:58  Dark Templar  
  88  11:00  Dark Templar  
  88  11:03  Zealot  
  83  11:06  Archon  
  83  11:07  Stalker  
  75  11:11  Stalker x2  
  76  11:24  Disruptor (Chrono Boost)  
  76  11:25  Stalker  
  65  11:31  Stalker  
  70  11:37  Stalker x2  
  72  11:50  Stalker x2  
  71  11:57  Zealot x4  
Tags
 
Add a new tag
Caveats
  • Supply blocks, unpowered buildings, or Contaminate may cause inaccurate times.
  • Supply counts are checked every 10 seconds.